NCAA
BUTLER BULLDOGS @ NEBRASKA CORNHUSKERS
05/15/2028
 
TOP OF THE 1ST
Butler Bulldogs batting - Pitching for Nebraska Cornhuskers : LHP Gustavo Sánchez
Pitching: LHP Gustavo Sánchez
Batting: RHB Weldon Duke 0-0: Called Strike
0-1: Foul Ball, location: 2F
0-2: Ball
1-2: Strikes out looking
Batting: LHB Arnold Bernard 0-0: Ball
1-0: Ball
2-0: Foul Ball, location: 2F
2-1: Foul Ball, location: 2F
2-2: Ground out 5-3 (Groundball, 5)
Batting: LHB Alex Kelly 0-0: Ball
1-0: Ball
2-0: Foul Ball, location: 2F
2-1: Ground out 1-3 (Groundball, 13S)
Top of the 1st over - 0 run(s), 0 hit(s), 0 error(s), 0 left on base; Butler 0 - Nebraska 0
BOTTOM OF THE 1ST
Nebraska Cornhuskers batting - Pitching for Butler Bulldogs : RHP Bill Daniels
Pitching: RHP Bill Daniels
Batting: RHB Michael Reed 0-0: Called Strike
0-1: Fly out, F8 (Flyball, 8RM)
Batting: RHB Ronald Hodge 0-0: Fly out, F3 (Line Drive, 34S)
Batting: LHB José Pérez 0-0: Foul Ball, location: 2F
0-1: Ball
1-1: Called Strike
1-2: Ball
2-2: Ball
3-2: Foul Ball, location: 2F
3-2: Strikes out swinging
Bottom of the 1st over - 0 run(s), 0 hit(s), 0 error(s), 0 left on base; Butler 0 - Nebraska 0
TOP OF THE 2ND
Butler Bulldogs batting - Pitching for Nebraska Cornhuskers : LHP Gustavo Sánchez
Batting: LHB Víctor Piña 0-0: Foul Ball, location: 2F
0-1: Ball
1-1: Foul Ball, location: 2F
1-2: Ball
2-2: Foul Ball, location: 2F
2-2: Ball
3-2: Ground out 6-3 (Groundball, 6MS)
Batting: RHB Howard Reed 0-0: Foul Ball, location: 2F
0-1: Foul Ball, location: 2F
0-2: Ball
1-2: SINGLE (Line Drive, 6MD)
Batting: SHB Kel Davis 0-0: Ball
1-0: Foul Ball, location: 2F
1-1: Foul Ball, location: 2F
1-2: Ball
2-2: Strikes out swinging
Batting: RHB Foster Love 0-0: Called Strike
0-1: Called Strike
0-2: Strikes out looking
Top of the 2nd over - 0 run(s), 1 hit(s), 0 error(s), 1 left on base; Butler 0 - Nebraska 0
BOTTOM OF THE 2ND
Nebraska Cornhuskers batting - Pitching for Butler Bulldogs : RHP Bill Daniels
Batting: SHB Carl Rivers 0-0: Ball
1-0: Swinging Strike
1-1: Swinging Strike
1-2: Foul Ball, location: 2F
1-2: Ground out 6-3 (Groundball, 6)
Batting: LHB Luis García 0-0: Ball
1-0: Ball
2-0: Ball
3-0: Called Strike
3-1: Ground out 4-3 (Groundball, 34)
Batting: SHB David Stanley 0-0: Foul Ball, location: 2F
0-1: Called Strike
0-2: Foul Ball, location: 2F
0-2: Ball
1-2: Foul Ball, location: 2F
1-2: Ball
2-2: Strikes out looking
Bottom of the 2nd over - 0 run(s), 0 hit(s), 0 error(s), 0 left on base; Butler 0 - Nebraska 0
TOP OF THE 3RD
Butler Bulldogs batting - Pitching for Nebraska Cornhuskers : LHP Gustavo Sánchez
Batting: RHB Daniel Bennett 0-0: Called Strike
0-1: Foul Ball, location: 2F
0-2: Ball
1-2: Ball
2-2: Foul Ball, location: 2F
2-2: Foul Ball, location: 2F
2-2: Strikes out swinging
Batting: SHB Larry Walters 0-0: Called Strike
0-1: Called Strike
0-2: Strikes out swinging
Batting: RHB Weldon Duke 0-0: Ball
1-0: Foul Ball, location: 2F
1-1: Ground out 6-3 (Groundball, 56)
Top of the 3rd over - 0 run(s), 0 hit(s), 0 error(s), 0 left on base; Butler 0 - Nebraska 0
BOTTOM OF THE 3RD
Nebraska Cornhuskers batting - Pitching for Butler Bulldogs : RHP Bill Daniels
Batting: RHB António Cruz 0-0: Ball
1-0: Ball
2-0: Called Strike
2-1: Foul Ball, location: 2F
2-2: Strikes out swinging
Batting: LHB Edmund Bilbrey 0-0: Ball
1-0: Swinging Strike
1-1: Called Strike
1-2: Foul Ball, location: 2F
1-2: Ground out U3 (Groundball, 3)
Batting: RHB Guy Bullard 0-0: Foul Ball, location: 2F
0-1: Swinging Strike
0-2: Ground out 4-3 (Groundball, 4)
Bottom of the 3rd over - 0 run(s), 0 hit(s), 0 error(s), 0 left on base; Butler 0 - Nebraska 0
TOP OF THE 4TH
Butler Bulldogs batting - Pitching for Nebraska Cornhuskers : LHP Gustavo Sánchez
Batting: LHB Arnold Bernard 0-0: Called Strike
0-1: Swinging Strike
0-2: Ball
1-2: Ball
2-2: Ground out 1-3 (Groundball, 13S)
Batting: LHB Alex Kelly 0-0: Ground out 1-3 (Groundball, P)
Batting: LHB Víctor Piña 0-0: Called Strike
0-1: Foul Ball, location: 2F
0-2: Strikes out looking
Top of the 4th over - 0 run(s), 0 hit(s), 0 error(s), 0 left on base; Butler 0 - Nebraska 0
BOTTOM OF THE 4TH
Nebraska Cornhuskers batting - Pitching for Butler Bulldogs : RHP Bill Daniels
Batting: RHB Michael Reed 0-0: Ball
1-0: Called Strike
1-1: Fly out, F1 (Line Drive, 13)
Batting: RHB Ronald Hodge 0-0: Ball
1-0: Fly out, F6 (Popup, 6)
Batting: LHB José Pérez 0-0: Ball
1-0: Ball
2-0: Foul Ball, location: 2F
2-1: Fly out, F6 (Line Drive, 6)
Bottom of the 4th over - 0 run(s), 0 hit(s), 0 error(s), 0 left on base; Butler 0 - Nebraska 0
TOP OF THE 5TH
Butler Bulldogs batting - Pitching for Nebraska Cornhuskers : LHP Gustavo Sánchez
Batting: RHB Howard Reed 0-0: Ball
1-0: Called Strike
1-1: Ground out 6-3 (Groundball, 6)
Batting: SHB Kel Davis 0-0: Ground out 1-3 (Groundball, P)
Batting: RHB Foster Love 0-0: Ball
1-0: Ball
2-0: Fly out, F7 (Flyball, 7)
Top of the 5th over - 0 run(s), 0 hit(s), 0 error(s), 0 left on base; Butler 0 - Nebraska 0
BOTTOM OF THE 5TH
Nebraska Cornhuskers batting - Pitching for Butler Bulldogs : RHP Bill Daniels
Batting: SHB Carl Rivers 0-0: Swinging Strike
0-1: Fly out, F4 (Line Drive, 4)
Batting: LHB Luis García 0-0: Ball
1-0: Ball
2-0: Called Strike
2-1: Ball
3-1: Base on Balls
Batting: SHB David Stanley 0-0: Ball
1-0: Swinging Strike
1-1: Ball
2-1: Swinging Strike
2-2: Foul Ball, location: 2F
2-2: 2-RUN HOME RUN (Flyball, 9D), Distance : 347 ft
Batting: RHB António Cruz 0-0: Ball
1-0: Foul Ball, location: 2F
1-1: Foul Ball, location: 2F
1-2: Ball
2-2: SINGLE (Line Drive, 78S)
Batting: LHB Edmund Bilbrey 0-0: Ball
1-0: Ball
2-0: Ball
3-0: Base on Balls
António Cruz to second
Batting: RHB Guy Bullard 0-0: Called Strike
0-1: Foul Ball, location: 2F
0-2: Fielders Choice at 2nd, 6-4 (Groundball, 56)
António Cruz to third
Batting: RHB Michael Reed 0-0: Ball
1-0: Ball
2-0: Ball
3-0: Base on Balls
Guy Bullard to second
Batting: RHB Ronald Hodge 0-0: Called Strike
0-1: Ball
1-1: Ball
2-1: Called Strike
2-2: Ball
3-2: Foul Ball, location: 2F
3-2: DOUBLE (Flyball, 89M)
António Cruz scores
Guy Bullard scores
Michael Reed to third
Michael Reed scores
Pitching: RHP Pedro Santiago
Batting: LHB José Pérez 0-0: Ball
1-0: Called Strike
1-1: Swinging Strike
1-2: Ball
2-2: Fly out, F6 (Popup, 6)
Bottom of the 5th over - 5 run(s), 3 hit(s), 0 error(s), 1 left on base; Butler 0 - Nebraska 5
TOP OF THE 6TH
Butler Bulldogs batting - Pitching for Nebraska Cornhuskers : LHP Gustavo Sánchez
Batting: RHB Daniel Bennett 0-0: Ball
1-0: Ground out 6-3 (Groundball, 6)
Batting: SHB Larry Walters 0-0: Foul Ball, location: 2F
0-1: Ball
1-1: Ball
2-1: Foul Ball, location: 2F
2-2: Ball
3-2: Base on Balls
Batting: RHB Weldon Duke 0-0: Foul Ball, location: 2F
0-1: Called Strike
0-2: Strikes out looking
Batting: LHB Arnold Bernard 0-0: Called Strike
0-1: Called Strike
0-2: Fly out, F7 (Flyball, 7LSF)
Top of the 6th over - 0 run(s), 0 hit(s), 0 error(s), 1 left on base; Butler 0 - Nebraska 5
BOTTOM OF THE 6TH
Nebraska Cornhuskers batting - Pitching for Butler Bulldogs : RHP Pedro Santiago
Batting: SHB Carl Rivers 0-0: SINGLE (Line Drive, 78S)
Batting: LHB Luis García 0-0: Fly out, F8 (Flyball, 8LS)
Batting: SHB David Stanley 0-0: Ball
1-0: Called Strike
1-1: Ball
2-1: Foul Ball, location: 2F
2-2: Fly out, F9 (Flyball, 9LS)
Batting: RHB António Cruz 0-0: Ball
1-0: Foul Ball, location: 2F
1-1: Foul Ball, location: 2F
1-2: Fly out, F9 (Flyball, 89S)
Bottom of the 6th over - 0 run(s), 1 hit(s), 0 error(s), 1 left on base; Butler 0 - Nebraska 5
TOP OF THE 7TH
Butler Bulldogs batting - Pitching for Nebraska Cornhuskers : LHP Gustavo Sánchez
Batting: LHB Alex Kelly 0-0: Swinging Strike
0-1: Foul Ball, location: 2F
0-2: Ball
1-2: SINGLE (Groundball, 4D)
Batting: LHB Víctor Piña 0-0: SINGLE (Groundball, 34D)
Alex Kelly to second
Runner from 2nd tries for 3rd, SAFE, no throw
Pitching: RHP Javier Rodríguez
Batting: RHB Howard Reed 0-0: Called Strike
0-1: Ball
1-1: Ball
2-1: Fly out, F9 (Flyball, 9LM)
Runner from 3rd tags up, SCORES, no throw
Batting: SHB Kel Davis 0-0: Ball
1-0: Ball
2-0: Swinging Strike
2-1: Fly out, F4 (Line Drive, 4)
Batting: RHB Foster Love 0-0: Fly out, F8 (Flyball, 8RM)
Top of the 7th over - 1 run(s), 2 hit(s), 0 error(s), 1 left on base; Butler 1 - Nebraska 5
BOTTOM OF THE 7TH
Nebraska Cornhuskers batting - Pitching for Butler Bulldogs : RHP Pedro Santiago
Batting: LHB Edmund Bilbrey 0-0: Ball
1-0: Ball
2-0: Foul Ball, location: 2F
2-1: Foul Ball, location: 2F
2-2: Foul Ball, location: 2F
2-2: Ball
3-2: Fly out, F8 (Flyball, 8RD)
Batting: RHB Guy Bullard 0-0: Foul Ball, location: 2F
0-1: Ball
1-1: Ball
2-1: Foul Ball, location: 2F
2-2: Fly out, F7 (Flyball, 7LM)
Batting: RHB Michael Reed 0-0: Called Strike
0-1: Ground out U3 (Groundball, 2R)
Bottom of the 7th over - 0 run(s), 0 hit(s), 0 error(s), 0 left on base; Butler 1 - Nebraska 5
TOP OF THE 8TH
Butler Bulldogs batting - Pitching for Nebraska Cornhuskers : RHP Javier Rodríguez
Batting: RHB Daniel Bennett 0-0: Called Strike
0-1: Fly out, F9 (Line Drive, 9D)
Batting: SHB Larry Walters 0-0: Foul Ball, location: 2F
0-1: Ball
1-1: Called Strike
1-2: SINGLE (Groundball, 34D)
Batting: RHB Weldon Duke 0-0: Ball
1-0: Called Strike
1-1: Swinging Strike
1-2: Ball
2-2: Grounds into double play, 6-4-3 (Groundball, 6)
Top of the 8th over - 0 run(s), 1 hit(s), 0 error(s), 0 left on base; Butler 1 - Nebraska 5
BOTTOM OF THE 8TH
Nebraska Cornhuskers batting - Pitching for Butler Bulldogs : RHP Pedro Santiago
Batting: RHB Ronald Hodge 0-0: Foul Ball, location: 2F
0-1: Ground out 5-3 (Groundball, 56S)
Batting: LHB José Pérez 0-0: Ball
1-0: Called Strike
1-1: Fly out, F8 (Flyball, 8LS)
Batting: SHB Carl Rivers 0-0: Ball
1-0: Called Strike
1-1: Foul Ball, location: 2F
1-2: Strikes out swinging
Bottom of the 8th over - 0 run(s), 0 hit(s), 0 error(s), 0 left on base; Butler 1 - Nebraska 5
TOP OF THE 9TH
Butler Bulldogs batting - Pitching for Nebraska Cornhuskers : RHP Javier Rodríguez
Pitching: RHP José Carmona
Batting: LHB Arnold Bernard 0-0: Called Strike
0-1: Foul Ball, location: 2F
0-2: Foul Ball, location: 2F
0-2: Ball
1-2: Fly out, F7 (Flyball, 7)
Batting: LHB Alex Kelly 0-0: Ball
1-0: Called Strike
1-1: Foul Ball, location: 2F
1-2: Fly out, F5 (Flyball, 56D)
Batting: LHB Víctor Piña 0-0: Called Strike
0-1: Called Strike
0-2: Foul Ball, location: 2F
0-2: Foul Ball, location: 2F
0-2: Ground out 4-3 (Groundball, 4)
Top of the 9th over - 0 run(s), 0 hit(s), 0 error(s), 0 left on base; Butler 1 - Nebraska 5
Tuesday, August 8th, 2017 - OOTP Baseball 17.12 Build 75